 Dungeon Crawl Stone Soup version 0.22.1-2-g9c5b331 (webtiles) character file.

104 shakethe the Skirmisher (level 4, -7/37 HPs)
             Began as a Demonspawn Gladiator on Nov 19, 2018.
             Killed from afar by Natasha (8 damage)
             ... with a magic dart
             ... on level 2 of the Dungeon.
             The game lasted 00:02:46 (1077 turns).

shakethe the Skirmisher (Demonspawn Gladiator)      Turns: 1077, Time: 00:02:46

Health: -7/37      AC:  7    Str: 14    XL:     4   Next: 52%
Magic:  4/4        EV: 18    Int: 11    God:
Gold:   134        SH:  0    Dex: 19    Spells: 3/3 levels left

rFire    . . .     SeeInvis .   a - +0 war axe
rCold    . . .     Gourm    .   (no shield)
rNeg     . . .     Faith    .   b - +0 leather armour
rPois    .         Spirit   .   c - +0 helmet
rElec    .         Reflect  .   (no cloak)
rCorr    .         Harm     .   (no gloves)
MR       .....                  i - +0 pair of boots
Stlth    ++........             (no amulet)
HPRegen  0.12/turn              (no ring)
MPRegen  0.09/turn              (no ring)

@: agile, hasted and slowed
A: claws 1, thin metallic scales 1
a: no special abilities


You were on level 2 of the Dungeon.
You were hungry.

You visited 1 branch of the dungeon, and saw 2 of its levels.

You collected 134 gold pieces.

Inventory:

Hand Weapons
 a - a +0 war axe (weapon)
Missiles
 d - 3 throwing nets (quivered)
Armour
 b - a +0 leather armour (worn)
 c - a +0 helmet (worn)
 i - a +0 pair of boots (worn)
Jewellery
 g - an uncursed ring of poison resistance {unknown}
 l - a +3 ring of strength {unknown}
Scrolls
 e - 4 scrolls of identify {unknown}
 h - 2 scrolls of remove curse {unknown}
 k - a scroll of random uselessness {unknown}
Potions
 m - a potion of haste
 n - a potion of agility
Comestibles
 f - 3 rations


   Skills:
 * Level 4.1 Fighting
 - Level 2.8 Axes
 - Level 1.7 Throwing
 - Level 2.6 Dodging
 + Level 1.7 Unarmed Combat


You had 3 spell levels left.
You didn't know any spells.
Your spell library was empty.

Dungeon Overview and Level Annotations

Branches:
Dungeon (2/15)

Altars:
Makhleb

Annotations:
D:2 Natasha


Innate Abilities, Weirdness & Mutations

You have sharp fingernails.
You are partially covered in thin metallic scales. (AC +2)


Message History

The crimson imp blinks!
Natasha mumbles some strange words.
Natasha shimmers violently.
Natasha claws you.
* * * LOW HITPOINT WARNING * * *
You barely miss Natasha. Your claw misses Natasha.
Natasha is severely wounded.
Natasha barely misses you.
The crimson imp lashes its tail.
Natasha claws you.
* * * LOW HITPOINT WARNING * * *
The crimson imp grinds its teeth.
All of the chunks of flesh in your inventory have rotted away.
It was a potion of haste.
You feel yourself speed up. Natasha claws you but does no damage.
It was a potion of agility.
You feel agile all of a sudden.
Natasha stares at you and mumbles some strange words.
The magic dart hits you!
You die...

#.........#.#...............
#.........#.#........ ......
#...................###.....
............#........##..#
..........#..............###
..........#.............)..#
...##..#####...........###.#
##......##....h.......####.##
#...........@5.............##
#........##.......#..........
#......## #..#..#............
#.......###..##...#.##..#....
#...................###.....†
#.........#....###### #####..
#.....).......##.# #......
#................######.###..
#..............._∩##....# #..


You could see Natasha and a crimson imp.

Vanquished Creatures
  A hound (D:1)
  Natasha (D:2)
  2 dart slugs (D:1)
  A leopard gecko (D:2)
  4 goblins
  7 hobgoblins
  5 jackals
  5 kobolds
  6 bats
  4 frilled lizards
  3 rats
39 creatures vanquished.

Notes
Turn   | Place    | Note
-------+----------+-------------------------------------------
     0 | D:1      | shakethe the Demonspawn Gladiator began the quest for the
                  | Orb.
     0 | D:1      | Reached XP level 1. HP: 16/16 MP: 1/1
    88 | D:1      | Gained mutation: You have sharp fingernails. [demonic
                  | ancestry]
    88 | D:1      | Reached XP level 2. HP: 22/23 MP: 2/2
   379 | D:1      | Reached skill level 3 in Fighting
   493 | D:2      | Gained mutation: You are partially covered in thin metallic
                  | scales. (AC +2) [demonic ancestry]
   493 | D:2      | Reached XP level 3. HP: 21/29 MP: 3/3
   554 | D:2      | Noticed Natasha
   593 | D:1      | Reached skill level 1 in Unarmed Combat
   593 | D:1      | Reached XP level 4. HP: 14/37 MP: 4/4
   875 | D:2      | Killed Natasha
   875 | D:2      | Reached skill level 4 in Fighting
   953 | D:2      | Found a burning altar of Makhleb.
  1057 | D:2      | Noticed Natasha
  1075 | D:2      | HP: 1/37 [Natasha (5)]
  1077 | D:2      | Killed from afar by Natasha

Skill      XL: |  1  2  3  4 |
---------------+-------------+-----
Fighting       | 3 4 |  4.1
Unarmed Combat | 1 |  1.7
Axes           | |  2.8
Throwing       | |  1.7
Dodging        | |  2.6

Action                   |  1- 3 |  4- 6 || total
-------------------------+-------+-------++-------
Melee: War axe           |    66 |    47 ||   113
       Punch             |       |     1 ||     1
  Use: Potion            |       |     2 ||     2
Armor: Leather armour    |    39 |    22 ||    61
Dodge: Dodged            |    70 |    45 ||   115
